 Dungeon Crawl Stone Soup version 0.28-a0-793-g31680bbd8b (webtiles) character file.

Game seed: 14482211230634884597

11 kae the Caller (level 2, -2/14 HPs)
             Began as a Vine Stalker Summoner on Nov 4, 2021.
             Engulfed by a cloud of flame (16 damage)
             ... on level 1 of the Dungeon.
             The game lasted 00:00:37 (1450 turns).

kae the Caller (Vine Stalker Summoner)              Turns: 1450, Time: 00:00:38

Health: -2/14      AC:  2    Str: 10    XL:     2   Next: 25%
Magic:  0/6        EV: 12    Int: 15    God:
Gold:   27         SH:  0    Dex: 14    Spells: 2/5 levels left

rFire   . . .      SeeInvis .   (no weapon)
rCold   . . .      Faith    .   (no shield)
rNeg    . . .      Spirit   +   a - +0 robe
rPois   .          Reflect  .   (no helmet)
rElec   .          Harm     .   (no cloak)
rCorr   .          Rampage  .   (no gloves)
Will    .....                   (no boots)
Stlth   ++........              (no amulet)
HPRegen 0.04/turn               (no ring)
MPRegen 0.10/turn               (no ring)

@: flying
A: fangs 2, magic shield, antimagic bite, no potion heal 2
a: no special abilities


You were on level 1 of the Dungeon.
You visited 1 branch of the dungeon, and saw 2 of its levels.

You collected 27 gold pieces.

Inventory:

Armour
 a - a +0 robe (worn)


   Skills:
 + Level 0.5 Fighting
 - Level 1.5 Dodging
 - Level 2.4 Stealth
 + Level 2.4 Spellcasting
 * Level 4.2 Summonings


You had 2 spell levels left.
You knew the following spells:

 Your Spells              Type           Power      Damage    Failure   Level
a - Summon Small Mammal   Summ           56%        N/A       3%          1
b - Call Imp              Summ           14%        N/A       5%          2

Your spell library contained the following spells:

 Spells                   Type           Power      Damage    Failure   Level
 Call Canine Familiar     Summ           14%        N/A       11%         3
 Summon Guardian Golem    Hex/Summ       8%         N/A       26%         3
 Summon Lightning Spire   Summ/Air       8%         N/A       65%         4


Dungeon Overview and Level Annotations

Branches:
Dungeon (2/15)

Altars:


Innate Abilities, Weirdness & Mutations

You have extremely sharp teeth.
When hurt, damage is shared between your health and your magic reserves.
Your bite disrupts and absorbs the magic of your enemies.
Potions cannot restore your health.


Message History

The hobgoblin hits you.
A hobgoblin is nearby!
You barely miss the hobgoblin. The hobgoblin hits you.
You are too injured to fight recklessly!
A hobgoblin is nearby!
You are too injured to fight recklessly!
You are too injured to fight recklessly!
A hobgoblin is nearby!
You are too injured to fight recklessly!
You are too injured to fight recklessly!
A hobgoblin is nearby!
You are too injured to fight recklessly!
You are too injured to fight recklessly!
You hit the hobgoblin. Your bite misses the hobgoblin.
The hobgoblin is moderately wounded.
Your crimson imp blinks!
The hobgoblin barely misses you.
You hit the hobgoblin. Your bite misses the hobgoblin.
The hobgoblin is almost dead.
The hobgoblin hits you.
You hit the hobgoblin.
You kill the hobgoblin!
There is a stone staircase leading up here.
Your crimson imp disappears in a puff of smoke!
You climb upwards.
There is a stone staircase leading down here.
Magic restored.
HP restored.
Key pressed, stopping explore.
Partly explored, can't reach some items and places.
Partly explored, can't reach some items and places.
You aren't carrying any scrolls.
It was a potion of flight.
You feel very buoyant.
You fly up into the air.
Really fly into a travel-excluded area?
Really fly into that cloud of flame?
You are engulfed in blazing flames.
Ouch! That really hurt!
You die...

.#....#..........#..........#.###
.#.....#'##......#..........#.#..
.#.....#.##................##.#.8
.###...#.##.........##........#..
.#######...................##.+.8
..............................#..
###########......############.#.8
..........#####...# #.#..
########### #§@☼# #.### #○§§# #.#
#§§☼# #.# #####...##### #.#
##.☼☼☼...!..☼☼.## #.#
#########..§°§.....§°☼..#####.#
............§§..!(.§§§........#
###############...#####.#####.###
#§§.# #.# #....


There were no monsters in sight!

Vanquished Creatures
  A giant cockroach (D:1)
  3 hobgoblins
  A ball python (D:1)
  2 bats (D:1)
  A rat (D:1)
8 creatures vanquished.

Vanquished Creatures (collateral kills)
  A goblin (D:1)
  A hobgoblin (D:1)
2 creatures vanquished.

Grand Total: 10 creatures vanquished

Notes
Turn   | Place    | Note
-------+----------+-------------------------------------------
     0 | D:1      | kae the Vine Stalker Summoner began the quest for the Orb.
     0 | D:1      | Reached XP level 1. HP: 9/9 MP: 4/4
   647 | D:1      | Reached XP level 2. HP: 14/14 MP: 4/6
   701 | D:1      | Learned a level 2 spell: Call Imp
  1450 | D:1      | Engulfed by a cloud of flame

Illustrated notes

Levels and vault maps discovered:
D:1:      doesnt_arrival_eight_statues, layout_basic, minmay_misc_feat_plants,
          supply_closet_lemuel, minmay_hedge_maze, minmay_misc_feat_cross,
          lemuel_flame_loot_1
D:2:      layout_rooms, st_stairs_4, minmay_split_cup_large

Action                   || total
-------------------------++-------
Melee: Unarmed           ||    39
       Bite              ||     5
 Cast: Summon Small Mamm ||     8
       Call Imp          ||     2
  Use: Potion            ||     1
 Stab: Sleeping          ||     1
Armor: Robe              ||    13
Dodge: Dodged            ||    23

Table legend: (Time is in decaauts)
 A = Elapsed time spent in this place.
 B = Non-inter-level travel time spent in this place.
 C = Inter-level travel time spent in this place.
 D = Time resting spent in this place.
 E = Time spent auto-exploring this place.
 F = Levels seen in this place.
 G = Mean time per level.
                   A        B        C        D        E       F      G
               +--------+--------+--------+--------+--------+-----+--------+
         Total |   1450 |   1395 |     55 |      0 |   1259 |   2 |  725.0 |
       Dungeon |   1450 |   1395 |     55 |      0 |   1259 |   2 |  725.0 |
               +--------+--------+--------+--------+--------+-----+--------+

Top non-repeatable levels by time:
     D:1: 1435 daAuts
     D:2: 14 daAuts
